AoeStats
← old f1sh

Black Forest

509296554Analyzed
4v4 RM · 6d ago on Sep 26, 2026· 48m 16s· 8 players
Game mode
Random Map
Map size
Large (8 player)
Population
200
Speed
Normal
Resources
Standard
Victory
Conquest
Starting age
Dark Age
Ending age
Imperial Age
RankedLock teamsTeams togetherTeam positionsShared explorationLock speedFull tech treeHidden civsTurbo modeCheats
Victory
Defeat
🇦🇺 Maya · Australia
1632
+13
🇫🇷 Celts · France
1604
+14
🇦🇺 Japanese · Australia
1578
+15
🇺🇸 Mongols · United States
1532
+18
🇨🇳 Armenians · China
1659
-18
🇨🇿 Bohemians · Czechia
1601
-17
🇨🇳 Mongols · China
1511
-13
1493
-12
old f1sh
5:07 Loom
9:28 Feudal Age
10:12 Double-Bit Axe
18:32 Castle Age
16:52 Fishing Lines
19:25 Bow Saw
21:33 Gold Mining
25:17 Fletching
26:22 Bodkin Arrow
26:51 Padded Archer Armor
28:22 Scale Mail Armor
28:32 Forging
29:29 Chain Mail Armor
29:42 Pikeman
30:22 Squires
31:59 Leather Archer Armor
31:19 Halberdier
31:26 Man-at-Arms
31:52 Gambesons
32:43 Iron Casting
32:23 Gillnets
32:10 Long Swordsman
32:53 Elite Skirmisher
36:27 Imperial Age
34:34 Wheelbarrow
35:28 Ballistics
37:14 Bracer
37:44 Ring Archer Armor
38:16 Chemistry
37:28 Masonry
37:09 Two-Handed Swordsman
38:21 Plate Mail Armor
38:52 Blast Furnace
42:16 Fortified Wall
牛比无极限
0:55 Loom
11:25 Feudal Age
14:44 Double-Bit Axe
19:21 Castle Age
27:47 Imperial Age
25:27 Fishing Lines
26:22 Bow Saw
26:05 Horse Collar
28:18 Wheelbarrow
29:07 Conscription
31:39 Hand Cart
32:34 Heavy Scorpion
34:25 Siege Engineers
34:50 Onager
36:31 Drill
37:56 Ballistics
38:36 Chemistry
37:06 Siege Onager
38:57 Caravan
V我50%匡扶汉室
3:31 Double-Bit Axe
3:37 Loom
7:55 Fishing Lines
11:20 Feudal Age
11:56 Gillnets
16:42 Bow Saw
21:38 Castle Age
21:02 Padded Archer Armor
26:17 Imperial Age
24:47 Gold Mining
28:04 Chemistry
27:22 Leather Archer Armor
29:06 Bombard Tower
40:25 Fletching
41:34 Fortified Wall
Kontraman666
9:03 Loom
11:20 Feudal Age
15:00 Castle Age
12:48 Double-Bit Axe
14:28 Horse Collar
16:14 Bow Saw
18:01 Heavy Plow
20:18 Fishing Lines
21:14 Fervor
22:06 Wheelbarrow
28:31 Imperial Age
26:20 Hand Cart
26:10 Gillnets
28:22 Chemistry
28:02 Scale Mail Armor
27:55 Fletching
28:08 Squires
27:28 Pikeman
29:37 Chain Mail Armor
29:35 Forging
28:48 Halberdier
30:10 Padded Archer Armor
29:38 Houfnice
30:25 Siege Engineers
30:32 Masonry
30:54 Conscription
31:16 Wagenburg Tactics
32:37 Two-Man Saw
32:29 Leather Archer Armor
32:47 Architecture
32:39 Ballistics
33:41 Ring Archer Armor
33:44 Bodkin Arrow
34:46 Coinage
37:30 Banking
38:50 Elite Skirmisher
39:36 Bracer
40:07 Plate Mail Armor
TheHobbalution
0:44 Loom
9:56 Feudal Age
12:34 Double-Bit Axe
14:39 Horse Collar
20:14 Castle Age
18:39 Gold Mining
18:40 Stone Mining
18:50 Fletching
21:02 Town Watch
24:06 Crossbowman
28:14 Bow Saw
31:12 Forging
34:26 Imperial Age
32:25 Thumb Ring
32:50 Bodkin Arrow
32:55 Padded Archer Armor
34:04 Ballistics
33:10 Elite Skirmisher
36:17 Wheelbarrow
37:02 Two-Man Saw
36:39 Gold Shaft Mining
35:49 Fishing Lines
36:45 Bracer
37:00 Leather Archer Armor
37:09 Gillnets
38:10 Conscription
37:35 Capped Ram
37:39 Arbalester
39:32 Hand Cart
39:17 Town Patrol
39:38 Caravan
40:42 Chemistry
39:33 Guard Tower
39:28 Arrowslits
39:55 Masonry
41:52 Yasama
41:14 Elite Samurai
41:48 Onager
43:36 Fervor
47:42 Redemption
47:47 Block Printing
iFxrY
10:23 Feudal Age
11:43 Wheelbarrow
11:05 Double-Bit Axe
14:53 Castle Age
13:32 Fishing Lines
16:44 Bow Saw
19:16 Gillnets
22:32 Horse Collar
22:47 Stone Mining
22:48 Gold Mining
25:00 Hand Cart
25:11 Heavy Plow
26:50 Town Watch
27:24 Scale Mail Armor
27:36 Caravan
28:22 Chain Mail Armor
28:17 Forging
28:29 Loom
31:41 Imperial Age
29:15 Stronghold
29:48 Ballistics
29:38 Fletching
30:54 Gold Shaft Mining
32:30 Siege Engineers
31:48 Onager
33:26 Furor Celtica
32:50 Capped Ram
33:04 Siege Onager
34:50 Coinage
36:19 Chemistry
34:49 Siege Ram
35:54 Conscription
44:19 Banking
44:00 Guilds
RogerRamjet
0:30 Loom
0:51 Loom
12:48 Feudal Age
16:22 Castle Age
14:24 Double-Bit Axe
14:57 Fishing Lines
22:15 Forging
22:35 Squires
26:24 Wheelbarrow
26:22 Gillnets
30:26 Imperial Age
28:28 Fletching
28:39 Padded Archer Armor
28:46 Town Watch
29:21 Bodkin Arrow
30:12 Hand Cart
30:41 Ballistics
30:44 Gold Mining
31:10 Bracer
32:21 Chemistry
31:02 Elite Plumed Archer
32:29 Conscription
32:32 Caravan
34:06 Bow Saw
33:39 Horse Collar
35:26 Masonry
34:56 Treadmill Crane
36:04 Leather Archer Armor
35:57 Thumb Ring
36:52 Architecture
36:24 Murder Holes
37:49 Hoardings
37:47 Ring Archer Armor
37:43 Guilds
38:59 Two-Man Saw
37:59 Heavy Plow
39:18 Scale Mail Armor
39:54 Iron Casting
40:18 Holcans
39:27 Eagle Warrior
39:52 Arson
40:24 Chain Mail Armor
41:12 Hoardings
40:23 Elite Eagle Warrior
43:08 Blast Furnace
42:59 Plate Mail Armor
Lastmantillidie
11:28 Feudal Age
12:12 Double-Bit Axe
15:04 Castle Age
13:16 Fishing Lines
16:56 Bow Saw
16:47 Gillnets
18:15 Horse Collar
21:40 Wheelbarrow
21:38 Loom
22:12 Gold Mining
22:13 Stone Mining
23:53 Gold Shaft Mining
27:46 Imperial Age
25:35 Hand Cart
26:03 Stone Shaft Mining
25:29 Fletching
25:47 Padded Archer Armor
26:53 Caravan
27:35 Bodkin Arrow
27:57 Leather Archer Armor
28:39 Bloodlines
28:29 Husbandry
28:58 Bracer
29:20 Conscription
28:30 Capped Ram
29:09 Elite Mangudai
30:20 Ballistics
30:47 Drill
31:47 Chemistry
31:18 Thumb Ring
31:39 Parthian Tactics
33:00 Siege Ram
36:49 Onager
39:51 Hoardings
39:41 Fervor
40:20 Siege Onager
41:08 Siege Engineers
41:14 Masonry
47:15 Coinage
47:01 Murder Holes
Connection lost

Rejoining the realm…

Still unreachable

The connection could not be restored.

Session expired

The server has moved on; the page needs a fresh start.